 Dungeon Crawl Stone Soup version 0.18-a0-1526-gcb34c7c (webtiles) character file.

11 dvd the Stinger (level 2, -3/17 HPs)
             Began as an Octopode Venom Mage on Mar 8, 2016.
             Slain by a hobgoblin
             ... wielding a +0 club
              (5 damage)
             ... on level 1 of the Dungeon.
             The game lasted 00:00:58 (345 turns).

dvd the Stinger (Octopode Venom Mage)                Turns: 345, Time: 00:00:58

Health: -3/17      AC:  1    Str:  7    XL:     2   Next: 25%
Magic:  4/5        EV: 12    Int: 17    God:
Gold:   31         SH:  0    Dex: 12    Spells: 2 memorised, 2 levels left

rFire  . . .     SeeInvis .     (no weapon)
rCold  . . .     Gourm    .     (no shield)
rNeg   . . .     Faith    .     (helmet restricted)
rPois  .         Spirit   .     (no amulet)
rElec  .         Dismiss  .     (no ring)
rCorr  .         Reflect  .     (no ring)
SustAt .         Harm     .     (no ring)
MR     .....                    (no ring)
Stlth  +++.......               (no ring)
                                (no ring)
                                (no ring)
                                (no ring)

@: not resistant to hostile enchantments, fairly stealthy
A: almost no armour, amphibious, 8 rings, constrict 8, camouflage 1, gelatinous
body 1
a: no special abilities


You were on level 1 of the Dungeon.
You were not hungry.

You visited 1 branch of the dungeon, and saw 1 of its levels.

You collected 31 gold pieces.

Inventory:

Scrolls
 c - a scroll of identify {unknown}
 d - a scroll of immolation {unknown}
Books
 a - a Young Poisoner's Handbook

   Spells                             Type                      Level
   a - Sting                          Conjuration/Poison           1
   b - Cure Poison                    Poison                       2
   c - Mephitic Cloud                 Conjuration/Poison/Air       3
   d - Olgreb's Toxic Radiance        Poison                       4
   e - Venom Bolt                     Conjuration/Poison           5
Comestibles
 b - a bread ration
 f - 2 chunks of flesh


   Skills:
 + Level 2.0 Dodging
 + Level 2.6 Stealth
 + Level 0.2 Unarmed Combat
 + Level 2.0 Spellcasting
 + Level 5.3 Poison Magic


You had 2 spell levels left.
You knew the following spells:

 Your Spells              Type           Power        Failure   Level  Hunger
a - Sting                 Conj/Pois      ##..         10%         1    #......
b - Cure Poison           Pois           ###.......   3%          2    ###....


Dungeon Overview and Level Annotations

Branches:
Dungeon (1/15)

Altars:


Innate Abilities, Weirdness & Mutations

You cannot wear most types of armour.
You are amphibious.
You can wear up to eight rings at the same time.
You can use your tentacles to constrict eight enemies at once.
Your skin changes colour to match your surroundings (Stealth).
Your rubbery body absorbs attacks (AC +1).


Message History

Press: ? - help, Shift-Dir - straight line, f - hobgoblin
Aim: a hobgoblin, wielding a club The sting hits the hobgoblin.
The hobgoblin appears unharmed.
The hobgoblin hits you with a club.
You tentacle-slap the hobgoblin. You grab the hobgoblin.
The hobgoblin is moderately wounded.
You constrict the hobgoblin. The hobgoblin hits you with a club.
* * * LOW HITPOINT WARNING * * *
You release your grip on the hobgoblin.
Your magical contamination has completely faded away.
Found 11 gold pieces.
Casting: Sting
Confirm with . or Enter, or press ? or * to list all spells.
Aiming: Sting
Press: ? - help, Shift-Dir - straight line, f/p - hobgoblin
Aim: a hobgoblin, wielding a club (lightly wounded)
The sting misses the hobgoblin.
The sting hits the ball python.
You kill the ball python!
The hobgoblin hits you with a club.
You die...

######## ########.# ##. # ##
#......####.....##.## ## ...#
#..†..)##...........#####.
##.#####......##.#.....##........
.......K.J.......'.>......######.
..###.#######.##.#.....#### #..
..# #.# #.##.#.....# ##..
..###.#######.##.#.....# ##..⌠
..'.KJ......#.##@#.....######....
.J###.#######K##g#........##...⌠.
........ #.##†########.#......
#####.### #J##.# #.##..### #.#
#S##.# #........ #.# #.##.#
######### #.# #.##.# .# #...$#
######


You could see a hobgoblin.

Vanquished Creatures
  A dart slug (D:1)
  2 ball pythons (D:1)
  2 giant cockroaches (D:1)
  A kobold (D:1)
  A bat (D:1)
  A rat (D:1)
8 creatures vanquished.

Notes
Turn   | Place    | Note
--------------------------------------------------------------
     0 | D:1      | dvd the Octopode Venom Mage began the quest for the Orb.
     0 | D:1      | Reached XP level 1. HP: 11/11 MP: 3/3
   115 | D:1      | Reached skill level 5 in Poison Magic
   129 | D:1      | Reached XP level 2. HP: 12/17 MP: 1/5
   215 | D:1      | Learned a level 2 spell: Cure Poison
   345 | D:1      | Slain by a hobgoblin

Vault maps used:
D:1:      eino_arrival_cavern_a

Skill      XL: |  1 |
---------------+----+-----
Poison Magic   | 5 |  5.3
Dodging        | |  2.0
Stealth        | |  2.6
Unarmed Combat | |  0.2
Spellcasting   | |  2.0

Action                   || total
-------------------------++-------
Melee: Unarmed           ||    18
 Cast: Sting             ||    11
 Stab: Sleeping          ||     1
